 Dungeon Crawl Stone Soup version 0.30.0-15-g856e2d3f33 (webtiles) character file.

Game seed: 4695269602881832498

50 qw the Chopper (level 3, -4/23 HPs)
             Began as a Gargoyle Fighter on May 21, 2023.
             Slain by Sigmund
             ... wielding a +6 scythe of venom
              (9 damage)
             ... on level 2 of the Dungeon.
             The game lasted 00:00:48 (1262 turns).

qw the Chopper (Gargoyle Fighter)                   Turns: 1262, Time: 00:00:48

Health: -4/23      AC: 14    Str: 21    XL:     3   Next: 79%
Magic:  3/3        EV:  5    Int:  8    God:
Gold:   2          SH:  4    Dex:  9    Spells: 2/2 levels left

rFire   . . .        a - +0 war axe
rCold   . . .        c - +0 buckler
rNeg    + . .        e - +0 plate armour
rPois   inf          (no helmet)
rElec   +            (no cloak)
rCorr   .            (no gloves)
SInv    .            (no boots)
Will    .....        (no amulet) Stlth
                     (no ring)
HPRegen 0.23/turn    (no ring)
MPRegen 0.08/turn

%: no passive effects
@: no status effects
A: sickness immunity, AC +3, negative energy resistance 1, electricity
resistance, torment resistance 1, petrification resistance
a: no special abilities


You were on level 2 of the Dungeon.
You visited 1 branch of the dungeon, and saw 2 of its levels.

You collected 2 gold pieces.


Innate Abilities, Weirdness & Mutations

You are immune to sickness and miasma.
Your stone body is resilient. (AC +3)
You are immune to poison.
You resist negative energy. (rN+)
You are resistant to electric shocks. (rElec)
You are resistant to unholy torment.
You are immune to petrification.


   Skills:
 - Level 3.2 Fighting
 + Level 3.6 Axes
 - Level 3.2 Armour
 - Level 3.2 Shields


You had 2 spell levels left.
You didn't know any spells.
Your spell library was empty.

Inventory:

Hand Weapons
 a - a +0 war axe (weapon)
 i - a +1 whip of electrocution
Armour
 c - a +0 buckler (worn)
 e - a +0 plate armour (worn)
Scrolls
 f - 3 scrolls of blinking {unknown}
 k - a scroll of identify {unknown}
Potions
 b - a potion of lignification {unknown}
 d - a potion of might
 g - a potion of resistance
 h - a potion of curing {unknown}
 j - a potion of attraction {unknown}

Dungeon Overview and Level Annotations

Branches:
Dungeon (2/15)

Altars:

Annotations:
D:2 Sigmund


Message History

You kill the hobgoblin!
You see here a hobgoblin corpse.
j - a blue potion
k - a scroll labelled VOMIDE LAKIU Sigmund the Dreaded comes into view.
He is wielding a +6 scythe of venom.
Sigmund shouts!
1245 ||| Stepping ~*~*~tactically~*~*~ (hiding).
1246 ||| Stepping ~*~*~tactically~*~*~ (hiding).
1247 ||| Stepping ~*~*~tactically~*~*~ (hiding).
1248 ||| Stepping ~*~*~tactically~*~*~ (hiding).
1249 ||| Stepping ~*~*~tactically~*~*~ (hiding).
1250 ||| Stepping ~*~*~tactically~*~*~ (hiding).
1251 ||| Stepping ~*~*~tactically~*~*~ (hiding).
1252 ||| Stepping ~*~*~tactically~*~*~ (hiding).
1253 ||| Stepping ~*~*~tactically~*~*~ (hiding).
You start waiting.
Sigmund is nearby!
Sigmund hits you from afar with a +6 scythe of venom.
Sigmund hits you with a +6 scythe of venom.
You slash Sigmund!
Sigmund is moderately wounded.
You barely miss Sigmund.
Sigmund is moderately wounded.
You block Sigmund's attack.
You closely miss Sigmund.
Sigmund is moderately wounded.
Sigmund hits you with a +6 scythe of venom.
You closely miss Sigmund.
Sigmund is moderately wounded.
Sigmund casts a spell at you.
The magic dart hits you but does no damage.
You hit Sigmund.
Sigmund is heavily wounded.
Sigmund casts a spell at you. You resist with significant effort.
Sigmund hits you with a +6 scythe of venom!
You closely miss Sigmund.
Sigmund is heavily wounded.
Sigmund hits you with a +6 scythe of venom!
You die...

#.....)####........
#.####.............
#.# #%#####.##..### #
#[# #.# #......... #.#
#.#
#.###.......####.....
#.#
#..................#
#.#
#.###.......####...#.#
#.# #.#
#.....@.....?..... #.#
#.# ###..@######..$#.#
#.# #...# ....#
#.#####...# ....
..........#####.. ..#
#..............#. .#
######......... #
##.####.##. #.........
##########


You could see Sigmund.

Vanquished Creatures
  A worm (D:2)
  7 ball pythons (D:1)
  5 endoplasms (D:1)
  3 giant cockroaches (D:1)
  6 goblins
  4 hobgoblins
  2 jackals (D:1)
  A quokka (D:1)
  2 frilled lizards (D:1)
  8 kobolds
  2 rats (D:1)
41 creatures vanquished.

Notes
Turn   | Place    | Note
-------+----------+-------------------------------------------
     0 | D:1      | qw the Gargoyle Fighter began the quest for the Orb.
     0 | D:1      | Reached XP level 1. HP: 14/14 MP: 1/1
     0 | D:1      | 0 ||| qw: Version: 0.2-a-98-g16b38d9
     0 | D:1      | 0 ||| qw: Game counter: 13
     0 | D:1      | 0 ||| qw: Always use a shield: true
     0 | D:1      | 0 ||| qw: God list: Okawaru
     0 | D:1      | 0 ||| qw: Allow faded altars: false
     0 | D:1      | 0 ||| qw: Do Orc after D:15 true
     0 | D:1      | 0 ||| qw: Do second Lair branch before Depths: true
     0 | D:1      | 0 ||| qw: Lair rune preference: random
     0 | D:1      | 0 ||| qw: Plans: Normal, Zot:1-4, God:TSO, Crypt, Tomb,
                  | Pan, Slime:5, Hells, Abyss, Win
     0 | D:1      | 0 ||| PLANNING D:1-11
   115 | D:1      | Reached XP level 2. HP: 19/19 MP: 2/2
   125 | D:1      | 125 ||| Stepping ~*~*~tactically~*~*~ (stealth).
   257 | D:1      | 257 ||| Stepping ~*~*~tactically~*~*~ (stealth).
   269 | D:1      | Reached skill level 3 in Axes
   285 | D:1      | 285 ||| Stepping ~*~*~tactically~*~*~ (stealth).
   286 | D:1      | 286 ||| Stepping ~*~*~tactically~*~*~ (stealth).
   288 | D:1      | 288 ||| Stepping ~*~*~tactically~*~*~ (stealth).
   310 | D:1      | Reached XP level 3. HP: 23/23 MP: 3/3
   389 | D:1      | 389 ||| Stepping ~*~*~tactically~*~*~ (stealth).
   757 | D:1      | 757 ||| Stepping ~*~*~tactically~*~*~ (stealth).
   758 | D:1      | 758 ||| Stepping ~*~*~tactically~*~*~ (stealth).
   921 | D:1      | 921 ||| DROPPING +0 club.
   922 | D:1      | 922 ||| UPGRADING to +0 plate armour.
   932 | D:1      | 932 ||| DROPPING +0 scale mail.
   933 | D:1      | 933 ||| DRINKING 2 metallic green potions.
   948 | D:2      | 948 ||| Stepping ~*~*~tactically~*~*~ (stealth).
   952 | D:2      | 952 ||| Stepping ~*~*~tactically~*~*~ (stealth).
   954 | D:2      | 954 ||| Stepping ~*~*~tactically~*~*~ (hiding).
  1194 | D:2      | 1194 ||| Stepping ~*~*~tactically~*~*~ (hiding).
  1195 | D:2      | 1195 ||| Stepping ~*~*~tactically~*~*~ (hiding).
  1196 | D:2      | 1196 ||| Stepping ~*~*~tactically~*~*~ (hiding).
  1199 | D:2      | 1199 ||| Stepping ~*~*~tactically~*~*~ (hiding).
  1244 | D:2      | Noticed Sigmund
  1245 | D:2      | 1245 ||| Stepping ~*~*~tactically~*~*~ (hiding).
  1246 | D:2      | 1246 ||| Stepping ~*~*~tactically~*~*~ (hiding).
  1247 | D:2      | 1247 ||| Stepping ~*~*~tactically~*~*~ (hiding).
  1248 | D:2      | 1248 ||| Stepping ~*~*~tactically~*~*~ (hiding).
  1249 | D:2      | 1249 ||| Stepping ~*~*~tactically~*~*~ (hiding).
  1250 | D:2      | 1250 ||| Stepping ~*~*~tactically~*~*~ (hiding).
  1251 | D:2      | 1251 ||| Stepping ~*~*~tactically~*~*~ (hiding).
  1252 | D:2      | 1252 ||| Stepping ~*~*~tactically~*~*~ (hiding).
  1253 | D:2      | 1253 ||| Stepping ~*~*~tactically~*~*~ (hiding).
  1261 | D:2      | HP: 5/23 [Sigmund/+6 scythe of venom (10)]
  1262 | D:2      | Slain by Sigmund

Levels and vault maps discovered:
D:1:      nicolae_arrival_washed_ashore, layout_basic, st_stairs_6,
          minmay_crystal_water
D:2:      layout_loops_ring, minmay_domino_2, uniq_sigmund

Skill      XL: |  1  2 |
---------------+-------+-----
Axes           | 2 3 |  3.6
Fighting       | |  3.2
Armour         | |  3.2
Shields        | |  3.2

Action                     || total
---------------------------++-------
  Melee: War axe           ||   120
    Use: Potion            ||     1
 Armour: Scale mail        ||    32
         Plate armour      ||    23
  Dodge: Dodged            ||    33
  Block: Buckler           ||    20

Table legend:
 A = Non-vault XP
 B = Vault XP
 C = Vault XP percentage of total XP
 D = Non-vault monster count
 E = Vault monster count
 F = Vault count percentage of total count
                 A         B        C        D         E       F
            +---------+---------+-------+---------+---------+-------
      Total |      68 |       4 |   5.6 |      39 |       2 |   4.9
            +---------+---------+-------+---------+---------+-------
        D:1 |      57 |       4 |   6.6 |      34 |       2 |   5.6
        D:2 |      11 |       0 |   0.0 |       5 |       0 |   0.0
            +---------+---------+-------+---------+---------+-------
